 Dungeon Crawl Stone Soup version 0.21.1-1-g345015f (webtiles) character file.

64 inc the Scratcher (level 3, -2/15 HPs)
             Began as a Felid Transmuter on Mar 13, 2018.
             Slain by a gnoll
             ... wielding a +0 whip
              (10 damage)
             ... on level 3 of the Dungeon.
             The game lasted 00:02:06 (2066 turns).

inc the Scratcher (Felid Transmuter)                Turns: 2066, Time: 00:02:07

Health: -2/15      AC:  1    Str:  6    XL:     3   Next: 91%
Magic:  7/7        EV: 18    Int: 14    God:
Gold:   117        SH:  0    Dex: 17    Spells: 5/6 levels left
                                        Lives:  0   Deaths: 0

rFire    . . .     SeeInvis +     - Unarmed
rCold    . . .     Gourm    .   (shield unavailable)
rNeg     . . .     Faith    .   (armour unavailable)
rPois    .         Spirit   .   (helmet unavailable)
rElec    .         Reflect  .   (cloak unavailable)
rCorr    .         Harm     .   (gloves unavailable)
MR       .....                  (boots unavailable)
Stlth    ++........             (no amulet)
HPRegen  0.05/turn              (no ring)
MPRegen  0.10/turn              (no ring)

@: quick
A: very small, no armour, no weapons or thrown items, stealth, claws 1, fangs 3,
see invisible, carnivore, speed 1, shaggy fur 1, slow metabolism 1, sharp paws
a: no special abilities


You were on level 3 of the Dungeon.
You were not hungry.

You visited 1 branch of the dungeon, and saw 3 of its levels.

You collected 117 gold pieces.

Inventory:

Missiles
 a - 76 arrows
Scrolls
 f - 2 scrolls of remove curse {unknown}
 g - 2 scrolls of identify {unknown}
 h - a scroll of blinking {unknown}
 j - 2 scrolls of enchant weapon {unknown}
Potions
 d - a potion of lignification
 e - a potion of curing {unknown}
 i - a potion of agility {unknown}
Books
 b - a book of Changes

   Spells                             Type                      Level
   a - Beastly Appendage              Transmutation                1
   b - Sticks to Snakes               Transmutation                2
   c - Spider Form                    Transmutation/Poison         3
   d - Ice Form                       Ice/Transmutation            4
   e - Blade Hands                    Transmutation                5
Comestibles
 c - 5 rations


   Skills:
 - Level 1.0 Fighting
 - Level 2.6 Dodging
 + Level 4.9 Unarmed Combat
 - Level 2.0 Spellcasting
 - Level 2.1 Transmutations


You had 5 spell levels left.
You knew the following spells:

 Your Spells              Type           Power        Failure   Level  Hunger
a - Beastly Appendage     Tmut           #.....       10%         1    ##.....


Dungeon Overview and Level Annotations

Branches:
Dungeon (3/15)

Altars:
Fedhas
Trog


Innate Abilities, Weirdness & Mutations

You cannot wear armour.
You are incapable of wielding weapons or throwing items.
Your paws allow you to move quietly. (Stealth)
You have sharp claws.
You have razor-sharp teeth.
You have supernaturally acute eyesight. (SInv)
You are carnivorous and can eat meat at any time.
You cover ground quickly.
You are covered in fur. (AC +1)
You have a slow metabolism.
Your sharp claws are effective at attacking unaware monsters.


Message History

You kill the rat!
A gnoll comes into view. It is wielding a club.
The gnoll shouts! x2; You hear a shout! x2
The gnoll hits you with a whip! 2 gnolls come into view.
You scratch the gnoll.
The gnoll is heavily wounded.
The gnoll completely misses you. The gnoll barely misses you.
The gnoll moves out of view.
You scratch the gnoll but do no damage.
The gnoll is heavily wounded.
The gnoll barely misses you. x2
You scratch the gnoll. You bite the gnoll.
The gnoll is almost dead.
There are monsters nearby!
You scratch the gnoll but do no damage.
The gnoll is almost dead.
The gnoll hits you with a whip!
Ouch! That really hurt!
You die... . ..#### . .....## #.##.#... .#..... ..... .gg

# #g# #..##@# ##.#
.##..##.##.....
...............
###..##.#####.#
#..##........
#.#####..##..####.#
..........#..# .
#######.#.#..# ..
#...........)####.#


You could see 3 gnolls.

Vanquished Creatures
  2 adders
  An ooze (D:2)
  2 dart slugs
  An orc (D:3)
  5 bats
  2 giant cockroaches (D:2)
  3 goblins
  4 hobgoblins
  6 kobolds
  3 frilled lizards (D:3)
  10 rats
39 creatures vanquished.

Notes
Turn   | Place    | Note
-------+----------+-------------------------------------------
     0 | D:1      | inc the Felid Transmuter began the quest for the Orb.
     0 | D:1      | Reached XP level 1. HP: 9/9 MP: 4/4
   408 | D:2      | Found a blossoming altar of Fedhas.
   429 | D:2      | Reached XP level 2. HP: 12/12 MP: 6/6
   485 | D:2      | Reached skill level 4 in Unarmed Combat
   708 | D:2      | Reached XP level 3. HP: 11/15 MP: 7/7
   859 | D:2      | Found a bloodstained altar of Trog.
  1237 | D:3      | Found a bloodstained altar of Trog.
  1737 | D:3      | HP: 1/22 [poisoned by an adder]
  2066 | D:3      | Slain by a gnoll

Skill      XL: |  1  2 |
---------------+-------+-----
Unarmed Combat | 4 |  4.9
Fighting       | |  1.0
Dodging        | |  2.6
Spellcasting   | |  2.0
Transmutations | |  2.1

Action                   || total
-------------------------++-------
Melee: Unarmed           ||   122
       Bite              ||    11
       Punch             ||     1
  Use: Potion            ||     1
 Stab: Sleeping          ||     8
       Distracted        ||     1
  Eat: Chunk             ||     2
Armor: Skin              ||     6
Dodge: Dodged            ||    93
